 Dungeon Crawl Stone Soup version 0.28-a0-973-ga7f8b01127 (webtiles) character file.

Game seed: 16421358796287330783

78 Strat the Cutter (level 4, -4/33 HPs)
             Began as a Demonspawn Brigand on Dec 2, 2021.
             Was an Initiate of Makhleb.
             Slain by a gnoll (14 damage)
             ... on level 2 of the Dungeon.
             The game lasted 00:03:18 (2321 turns).

Strat the Cutter (Demonspawn Brigand)               Turns: 2321, Time: 00:03:18

Health: -4/33      AC:  4    Str: 13    XL:     4   Next: 15%
Magic:  4/4        EV: 11    Int: 12    God:    Makhleb [......]
Gold:   79         SH:  0    Dex: 15    Spells: 3/3 levels left

rFire   . . .      SeeInvis .   a - +2 dagger
rCold   . . .      Faith    .   (no shield)
rNeg    . . .      Spirit   .   h - +0 leather armour
rPois   .          Reflect  .   (no helmet)
rElec   .          Harm     .   c - +0 cloak
rCorr   .          Rampage  .   (no gloves)
Will    .....                   (no boots)
Stlth   +.........              (no amulet)
HPRegen 0.11/turn               (no ring)
MPRegen 0.09/turn               (no ring)

@: silenced
A: powered by death 1, demonic touch 2
a: Renounce Religion


You were on level 2 of the Dungeon.
You worshipped Makhleb.
Makhleb was noncommittal.
You visited 1 branch of the dungeon, and saw 2 of its levels.

You collected 79 gold pieces.

Inventory:

Hand Weapons
 a - a +2 dagger (weapon)
Missiles
 d - 25 poisoned darts (quivered)
 e - 2 curare-tipped darts
 g - 35 stones
 q - 3 silver boomerangs
Armour
 b - a +0 robe
 c - a +0 cloak (worn)
 h - a +0 leather armour (worn)
Jewellery
 j - the ring of Yrgher Kown {rC+ Will+}
   (You acquired it on level 2 of the Dungeon)

   [ring of protection from cold]

   rC:        It protects you from cold.
   Will:      It increases your willpower.
Scrolls
 o - a scroll of enchant weapon {unknown}
 p - a scroll of identify {unknown}
Potions
 f - 3 potions of brilliance {unknown}
 i - a potion of heal wounds {unknown}
 k - a potion of invisibility {unknown}
 l - 2 potions of curing {unknown}
 n - a potion of degeneration {unknown}


   Skills:
 - Level 2.0 Fighting
 + Level 4.1 Short Blades
 - Level 1.7 Throwing
 - Level 0.8 Dodging
 - Level 3.6 Stealth


You had 3 spell levels left.
You didn't know any spells.
Your spell library was empty.

Dungeon Overview and Level Annotations

Branches:
Dungeon (2/15)

Altars:
Makhleb


Innate Abilities, Weirdness & Mutations

You regenerate a little health from kills.
Your touch may inflict irresistible damage on your foes.


Message History

q - 3 silver boomerangs An endoplasm comes into view.
The endoplasm quivers.
You hit the endoplasm but do no damage. The endoplasm freezes you.
You are frozen.
You hit the endoplasm.
You touch the endoplasm.
You kill the endoplasm!
Makhleb accepts your kill.
g - 35 stones (gained 27) 4 gnolls come into view.
The gnoll shouts! x3
Throw: 26 darts (poison)
Press: ? - help, Q - select action, (/) - cycle Shift-Dir - straight line, f - gnoll
Aim: a gnoll, wielding a +0 flail (63% to hit)
You throw a poisoned dart. The poisoned dart hits the gnoll.
The gnoll is poisoned.
You hit the gnoll.
The gnoll is moderately wounded.
The gnoll closely misses you. The gnoll hits you with a +0 flail!
* * * LOW HITPOINT WARNING * * *
The gnoll looks more healthy.
The gnoll closely misses you.
This is a scroll of acquirement!
Something appears at your feet! The gnoll completely misses you.
The gnoll hits you with a +0 flail.
* * * LOW HITPOINT WARNING * * *
The gnoll closely misses you.
j - the ring of Yrgher Kown {rC+ Will+} The gnoll hits you with a +0 club.
* * * LOW HITPOINT WARNING * * *
The gnoll misses you. The gnoll hits you with a +0 flail!
* * * LOW HITPOINT WARNING * * *
The gnoll misses you.
As you read the scroll labelled LENEOG VUMACAE, it crumbles to dust.
A profound silence engulfs you.
It was a scroll of silence.
The gnoll barely misses you.
The gnoll hits you from afar with a +0 halberd!
You die...

..##......# #g#
..##......# #.#
..##......# #.#
......##### #.# ###...#
#.# #.### ###.########
#.# #...g......# #.#
#g##g#####.# ###.#
#.##@# #.# ....# #.##g#
#.# ##### #..g.# #.#
######################.#
.......................#
########################


You could see 4 gnolls.

Vanquished Creatures
  A gnoll (D:1)
  2 adders (D:2)
  A dart slug (D:2)
  5 ball pythons (D:1)
  7 endoplasms
  A giant cockroach (D:2)
  4 goblins
  3 hobgoblins
  6 kobolds
  2 quokkas (D:1)
  7 frilled lizards (D:2)
  7 rats
46 creatures vanquished.

Vanquished Creatures (others)
  2 plants (D:2)
2 creatures vanquished.

Grand Total: 48 creatures vanquished

Notes
Turn   | Place    | Note
-------+----------+-------------------------------------------
     0 | D:1      | Strat the Demonspawn Brigand began the quest for the Orb.
     0 | D:1      | Reached XP level 1. HP: 16/16 MP: 1/1
    51 | D:1      | Reached skill level 2 in Short Blades
   412 | D:1      | Gained mutation: You regenerate a little health from kills.
                  | [demonic ancestry]
   412 | D:1      | Reached XP level 2. HP: 15/22 MP: 2/2
   817 | D:1      | Reached skill level 3 in Short Blades
  1254 | D:1      | Gained mutation: Your touch may inflict minor irresistible
                  | damage on your foes. [demonic ancestry]
  1254 | D:1      | Reached XP level 3. HP: 27/27 MP: 3/3
  1791 | D:2      | Gained mutation: Your touch may inflict irresistible damage
                  | on your foes. [demonic ancestry]
  1791 | D:2      | Reached XP level 4. HP: 33/33 MP: 4/4
  1796 | D:2      | Reached skill level 4 in Short Blades
  2012 | D:2      | Found a burning altar of Makhleb.
  2022 | D:2      | Became a worshipper of Makhleb the Destroyer
  2319 | D:2      | Identified a scroll of acquirement
  2319 | D:2      | Acquired the ring of Yrgher Kown {rC+ Will+}
  2321 | D:2      | Slain by a gnoll

Illustrated notes

Levels and vault maps discovered:
D:1:      scummos_arrival_hexagon, layout_basic, minmay_pentomino_u4
D:2:      layout_basic, basic_altar, minmay_lizard_king

Skill      XL: |  1  2  3  4 |
---------------+-------------+-----
Short Blades   | 2 3 4 |  4.1
Fighting       | |  2.0
Throwing       | |  1.7
Dodging        | |  0.8
Stealth        | |  3.6

Action                   |  1- 3 |  4- 6 || total
-------------------------+-------+-------++-------
Melee: Dagger            |   100 |    16 ||   116
       Touch             |     5 |     2 ||     7
Throw: Dart              |     6 |     1 ||     7
  Use: Scroll            |       |     2 ||     2
 Stab: Sleeping          |     8 |     3 ||    11
Armor: Leather armour    |    19 |     3 ||    22
       Robe              |     1 |       ||     1
Dodge: Dodged            |    53 |    10 ||    63

Table legend: (Time is in decaauts)
 A = Elapsed time spent in this place.
 B = Non-inter-level travel time spent in this place.
 C = Inter-level travel time spent in this place.
 D = Time resting spent in this place.
 E = Time spent auto-exploring this place.
 F = Levels seen in this place.
 G = Mean time per level.
                   A        B        C        D        E       F      G
               +--------+--------+--------+--------+--------+-----+--------+
         Total |   2302 |   2264 |     38 |    226 |   1573 |   2 | 1151.0 |
       Dungeon |   2302 |   2264 |     38 |    226 |   1573 |   2 | 1151.0 |
               +--------+--------+--------+--------+--------+-----+--------+

Top non-repeatable levels by time:
     D:1: 1478 daAuts
     D:2: 824 daAuts
